 Dungeon Crawl Stone Soup version 0.32-a0-612-g1c984fe9d1 (webtiles) character file.

Game seed: 3865097785204985213

846907 CougarLife the Slayer (level 27, -7/197 HPs)
             Began as a Gargoyle Earth Elementalist on Mar 5, 2024.
             Was the Champion of Vehumet.
             Incinerated by a balrug (14 damage)
             ... with a pyre arrow
             ... in Pandemonium on Mar 6, 2024.
             The game lasted 04:36:58 (107156 turns).

CougarLife the Slayer (GrEE)                      Turns: 107156, Time: 04:36:59

Health: -7/197     AC: 38    Str: 12    XL:     27
Magic:  2/67       EV: 15    Int: 41    God:    Vehumet [******]
Gold:   10108      SH: 12    Dex: 10    Spells: 14/76 levels left

rFire   + . .        X - +6 Majin-Bo {spellvamp, MP+6 Int+6}
rCold   + . .        Q - +0 kite shield {reflect}
rNeg    + + .        f - +5 steam dragon scales
rPois   ∞            s - -1 helmet of Patterns {rN+ Will++}
rElec   +            n - scarf {rC+ rF+}
rCorr   .            B - +1 pair of gloves "Xouzxaast" {rElec MP+9 Str-3}
SInv    .            b - +2 pair of boots
Will    +++++        G - amulet of magic regeneration
Stlth   +            C - ring of Freedom {rF+ EV+5 Str+2}
HPRegen 0.52/turn    q - ring "Puelunlu" {Will+ Int+6}
MPRegen 0.80/turn

%: reflection
@: on fire, fire vulnerable, flying, glowing, studying 4 skills
A: sickness immunity, AC +20, big wings, negative energy resistance 1,
electricity resistance, torment resistance 1, petrification resistance, claws 1,
mutation resistance 1, shaggy fur 1, subdued magic 1
}: 7/15 runes: serpentine, barnacled, slimy, silver, abyssal, glowing, magical
a: Renounce Religion


You were in Pandemonium.
You worshipped Vehumet.
Vehumet was exalted by your worship.
You visited 12 branches of the dungeon, and saw 55 of its levels.
You visited Pandemonium 2 times, and saw 11 of its levels.
You visited the Abyss 1 time.
You visited 2 bazaars.
You also visited: Trove, Sewer, Gauntlet and Wizlab.

You collected 12020 gold pieces.
You spent 1912 gold pieces at shops.

Inventory:

Hand Weapons
 X - the +6 Majin-Bo (weapon) {spellvamp, MP+6 Int+6}
   (You found it on level 1 of the Crypt)

   Int+6:     It affects your intelligence (+6).
   MP+6:      It affects your magic capacity (+6).
Missiles
 R - 8 throwing nets
Armour
 a - a +0 robe of cold resistance
 b - a +2 pair of boots (worn)
 f - +5 steam dragon scales (worn)
 i - the +2 robe of Beastly Mirth {rElec rF+ rN+}
   (You found it on level 7 of the Dungeon)

   rF+:       It protects you from fire.
   rElec:     It insulates you from electricity.
   rN+:       It protects you from negative energy.
 n - a scarf of resistance (worn)
 s - the -1 helmet of Patterns (worn) {rN+ Will++}
   (You found it on level 4 of the Lair of Beasts)

   rN+:       It protects you from negative energy.
   Will++:    It greatly increases your willpower.
 t - a +0 tower shield of reflection
 B - the +1 pair of gloves "Xouzxaast" (worn) {rElec MP+9 Str-3}
   (You found it in a Gauntlet)

   Str-3:     It affects your strength (-3).
   rElec:     It insulates you from electricity.
   MP+9:      It affects your magic capacity (+9).
 Q - a +0 kite shield of reflection (worn)
Magical Staves
 I - a staff of conjuration
Jewellery
 d - a ring of protection from fire
 g - the ring of Noon {rPois rN+ EV+5 Int+4}
   (You acquired it on level 11 of the Dungeon)

   [ring of evasion]

   EV+5:      It affects your evasion (+5).
   Int+4:     It affects your intelligence (+4).
   rPois:     It protects you from poison.
   rN+:       It protects you from negative energy.
 q - the ring "Puelunlu" (right hand) {Will+ Int+6}
   (You found it on level 5 of the Pits of Slime)

   [ring of intelligence]

   Int+6:     It affects your intelligence (+6).
   Will+:     It increases your willpower.
 w - the amulet "Guxzot" {*Slow +Inv RegenMP+ Int+2}
   (You found it in Pandemonium)

   [amulet of magic regeneration]

   It increases your rate of magic regeneration.
   Int+2:     It affects your intelligence (+2).
   +Inv:      It lets you turn invisible.
   *Slow:     It may slow you when you take damage.
   RegenMP+:  It increases your rate of magic regeneration.
 x - a ring of ice
 C - the ring of Freedom (left hand) {rF+ EV+5 Str+2}
   (You found it in a Gauntlet)

   [ring of evasion]

   EV+5:      It affects your evasion (+5).
   Str+2:     It affects your strength (+2).
   rF+:       It protects you from fire.
 G - an amulet of magic regeneration (around neck)
 L - a ring of protection from cold
 N - a ring of fire
Wands
 v - a wand of polymorph (40)
 J - a wand of quicksilver (47)
 K - a wand of digging (17)
Scrolls
 e - 18 scrolls of fear
 h - 2 scrolls of blinking
 m - 17 scrolls of fog
 o - 8 scrolls of amnesia
 r - 14 scrolls of noise
 u - 9 scrolls of enchant armour
 y - 13 scrolls of poison
 z - 3 scrolls of silence
 A - 26 scrolls of teleportation
 E - 4 scrolls of vulnerability
 P - 9 scrolls of immolation
 S - 6 scrolls of torment
 W - a scroll of summoning
Potions
 c - 9 potions of haste
 j - 28 potions of heal wounds
 k - 16 potions of attraction
 l - 23 potions of curing
 p - 6 potions of invisibility
 D - a potion of brilliance
 H - 4 potions of enlightenment
 M - 3 potions of mutation
 T - 4 potions of cancellation
 U - a potion of resistance
 V - 5 potions of lignification


   Skills:
 + Level 26.8 Fighting
 - Level 6.0 Armour
 - Level 1.5 Dodging
 - Level 2.1 Stealth
 - Level 13.4 Shields
 + Level 25.3 Spellcasting
 - Level 23.9 Conjurations
 - Level 20.1 Fire Magic
 * Level 17.8 Ice Magic
 - Level 17.6 Air Magic
 - Level 22.0 Earth Magic


You had 14 spell levels left.
You knew the following spells:

 Your Spells              Type           Power      Damage    Failure   Level
a - Fire Storm            Conj/Fire      54%        8d14      1%          9
b - Stone Arrow           Conj/Erth      100%       3d13      0%          3
c - Freezing Cloud        Conj/Ice/Air   52%        6-21      0%          5
d - Starburst             Conj/Fire      54%        6d15      0%          6
e - Lee's Rapid Deconstr  Erth           54%        3d25*     0%          5
f - Lehudib's Crystal Sp  Conj/Erth      55%        10d13     1%          8
g - Shatter               Erth           54%        3d41*     1%          9
h - Ignition              Fire           52%        3d15      1%          8
i - Polar Vortex          Ice            50%        12d6*     11%         9

Your spell library contained the following spells:

 Spells                   Type           Power      Damage    Failure   Level
 Foxfire                  Conj/Fire      100%       2x1d9     0%          1
 Freeze                   Ice            100%       1d10      0%          1
 Kiss of Death            Conj/Necr      100%       2d13      0%          1
 Magic Dart               Conj           100%       1d8       0%          1
 Sandblast                Erth           100%       2d20      0%          1
 Sting                    Conj/Alch      100%       1d9       0%          1
 Ensorcelled Hibernation  Hex/Ice        100%       N/A       0%          2
 Mercury Vapours          Alch/Air       100%       N/A       0%          2
 Momentum Strike          Conj/Tloc      100%       3d10      0%          2
 Scorch                   Fire           100%       2d9       0%          2
 Searing Ray              Conj           100%       2d8       0%          2
 Static Discharge         Conj/Air       100%       3-8/arc   0%          2
 Dazzling Flash           Conj/Hex       100%       N/A       0%          3
 Frozen Ramparts          Ice            100%       1d16      0%          3
 Hailstorm                Conj/Ice       100%       3d16      0%          3
 Inner Flame              Hex/Fire       80%        N/A       0%          3
 Mephitic Cloud           Conj/Alch/Air  91%        N/A       0%          3
 Ozocubu's Armour         Ice            100%       N/A       0%          3
 Passwall                 Erth           100%       N/A       0%          3
 Swiftness                Air            100%       N/A       0%          3
 Volatile Blastmotes      Fire/Tloc      100%       2d18      0%          3
 Airstrike                Air            50%        2d(8-24)  0%          4
 Brom's Barrelling Bould  Conj/Erth      100%       2d11      0%          4
 Flame Wave               Conj/Fire      100%       2d21      0%          4
 Arcjolt                  Conj/Air       53%        1d63      0%          5
 Fireball                 Conj/Fire      54%        3d21      0%          5
 Conjure Ball Lightning   Conj/Air       53%        3x3d18    0%          6
 Plasma Beam              Fire/Air       51%        2x1d66    0%          6
 Apportation              Tloc           78%        N/A       1%          1
 Necrotise                Necr           100%       1d9       1%          1
 Slow                     Hex            100%       N/A       1%          1
 Summon Small Mammal      Summ           100%       N/A       1%          1
 Blink                    Tloc           78%        N/A       1%          2
 Call Imp                 Summ           78%        N/A       1%          2
 Lesser Beckoning         Tloc           78%        N/A       1%          2
 Confusing Touch          Hex            39%        N/A       1%          3
 Fugue of the Fallen      Necr           39%        N/A       1%          3
 Gell's Gravitas          Tloc           39%        N/A       1%          3
 Sigil of Binding         Hex            39%        N/A       1%          3
 Teleport Other           Tloc           39%        N/A       1%          3
 Tukima's Dance           Hex            39%        N/A       1%          3
 Vampiric Draining        Necr           39%        2d8       1%          3
 Animate Armour           Summ/Erth      100%       N/A       1%          4
 Fulminant Prism          Conj/Alch      43%        3d19      1%          4
 Ignite Poison            Fire/Alch      80%        N/A       1%          4
 Olgreb's Toxic Radiance  Alch           39%        N/A       1%          4
 Petrify                  Alch/Erth      83%        N/A       1%          4
 Sticky Flame             Fire/Alch      80%        2d12      1%          4
 Summon Lightning Spire   Summ/Air       77%        N/A       1%          4
 Vhi's Electric Charge    Tloc/Air       100%       N/A       1%          4
 Borgnjor's Vile Clutch   Necr/Erth      41%        N/A       1%          5
 Metabolic Englaciation   Hex/Ice        38%        N/A       1%          5
 Silence                  Hex/Air        38%        N/A       1%          5
 Sculpt Simulacrum        Ice/Alch       38%        N/A       1%          6
 Ozocubu's Refrigeration  Ice            50%        4d18      1%          7
 Maxwell's Capacitive Co  Air            50%        ∞         1%          8
 Anguish                  Hex/Necr       19%        N/A       6%          4
 Animate Dead             Necr           39%        N/A       6%          4
 Cause Fear               Hex            19%        N/A       6%          4
 Dispel Undead            Necr           39%        3d16      6%          4
 Manifold Assault         Tloc           39%        N/A       6%          4
 Passage of Golubria      Tloc           39%        N/A       6%          4
 Alistair's Intoxication  Alch           26%        N/A       17%         5
 Curse of Agony           Necr           39%        N/A       17%         5
 Summon Forest            Summ/Tloc      19%        N/A       17%         5
 Summon Mana Viper        Hex/Summ       39%        N/A       17%         5
 Eringya's Noxious Bog    Alch           19%        4d6       26%         6
 Dispersal                Tloc           19%        N/A       71%         6
 Summon Cactus Giant      Summ           19%        N/A       71%         6
 Enfeeble                 Hex            19%        N/A       99%         7
 Haunt                    Necr/Summ      19%        N/A       99%         7
 Summon Hydra             Summ           19%        N/A       99%         7
 Borgnjor's Revivificati  Necr           19%        N/A       100%        8
 Discord                  Hex            19%        N/A       100%        8
 Disjunction              Tloc           19%        N/A       100%        8
 Infestation              Necr           19%        N/A       100%        8
 Death's Door             Necr           19%        N/A       100%        9
 Dragon's Call            Summ           19%        N/A       100%        9
 Cigotuvi's Dreadful Rot  Necr/Alch/Air  Unusable   N/A       N/A         2
 Sublimation of Blood     Necr           Unusable   N/A       N/A         2

Dungeon Overview and Level Annotations

Branches:
Dungeon (15/15)            Temple (1/1) D:6            Lair (5/5) D:10
 Shoals (4/4) Lair:2        Snake (4/4) Lair:2        Slime (5/5) Lair:5
    Orc (2/2) D:10            Elf (2/3) Orc:2        Vaults (5/5) D:14
  Crypt (3/3) Vaults:3       Tomb (0/3) Crypt:3      Depths (4/4) D:15
    Zot (5/5) Depths:4      Sewer (visited)          WizLab (visited)
Gauntlet (visited)

Altars:
Ashenzari
Cheibriados
Dithmenos
Elyvilon
Fedhas
Gozag
Hepliaklqana
Kikubaaqudgha
Makhleb
Nemelex Xobeh
Okawaru
Qazlal
Ru
Sif Muna
Trog
Uskayaw
Vehumet
Wu Jian
Xom
Yredelemnul
Zin
The Shining One

Shops:
D:2 (   D:8 *   D:15 ?   Orc:2 ([:**   Elf:1 (**   Vaults:2 ?   Vaults:4 [
Vaults:5 [

Portals:
Hell: Depths:1 Depths:2 Depths:3 Depths:4
Abyss: Lair:5 Depths:2 Depths:3
Pandemonium: Depths:2
Ziggurat: Depths:2

Annotations:
D:7 3 runed translucent doors, Gangsterbeez's ghost, novice MiFi
D:11 3 runed translucent doors, Oreusi's ghost, journeyman MDFE
Lair:5 2 transporters, Smoke131's ghost, journeyman OnGl
Pan Cerebov


Innate Abilities, Weirdness & Mutations

You are immune to sickness and miasma.
Your stone body is resilient. (AC +20)
You are immune to poison.
Your large and strong wings let you fly.
You resist negative energy. (rN+)
You are resistant to electric shocks. (rElec)
You are resistant to unholy torment.
You are immune to petrification.
You have sharp fingernails.
You are somewhat resistant to further mutation.
You are covered in fur. (AC +1)
Your spells are a little easier to cast, but a little less powerful.


Message History

Aiming: Lehudib's Crystal Spear (mildly dangerous; 1% risk of failure)
Press: ? - help, Shift-Dir - straight line, f/p - Cerebov
Aim: Cerebov, wielding the +6 sword of Cerebov {flame} (whirling frost, heavily wounded, fast, 87% to hit)
The crystal spear hits Cerebov!!!
Cerebov is severely wounded.
The balrug disappears in a puff of smoke!
Cerebov hits you with the +6 sword of Cerebov!
Cerebov burns you. The hellion completely misses you.
Casting: Lehudib's Crystal Spear (mildly dangerous; 1% risk of failure)
Confirm with . or Enter, or press ? or * to list all spells.
Aiming: Lehudib's Crystal Spear (mildly dangerous; 1% risk of failure)
Press: ? - help, Shift-Dir - straight line, f/p - Cerebov
Aim: Cerebov, wielding the +6 sword of Cerebov {flame} (severely wounded, fast, 87% to hit)
The crystal spear hits Cerebov!!!
Cerebov is severely wounded.
The winds around you calm down.
Cerebov hits you with the +6 sword of Cerebov!!!
* * * LOW HITPOINT WARNING * * *
Cerebov burns you!
* * * LOW HITPOINT WARNING * * *
The balrug gestures at you. The pyre arrow hits you.
You are covered in intense liquid fire!
The hellion barely misses you.
The hellion hits you but does no damage.
Cerebov hits you with the +6 sword of Cerebov!
* * * LOW HITPOINT WARNING * * *
Cerebov burns you.
* * * LOW HITPOINT WARNING * * *
Okay, then.
Blink to where?
Press: ? - help, Dir - move target, p - Cerebov
As you read the scroll of blinking, it crumbles to dust.
The liquid fire burns you!
* * * LOW HITPOINT WARNING * * *
Blink to where?
Press: ? - help, Dir - move target
As you read the scroll of blinking, it crumbles to dust.
The liquid fire burns you!
You die...

.≈§≈§...§≈≈≈...≈#####§...≈#####≈.
§§##≈...≈##≈§..§#..)#≈.§§≈#.[=#≈.
###'')###§≈..≈#%..#§...§#)))#≈.
##...)...##≈≈≈≈#.[.#§§≈≈≈#[|.#§≈
##..)......##§≈###'###§≈≈###'###≈
#...........#####≈.≈#######≈.≈###
#...#####...#§≈≈≈≈.≈§§≈§§≈≈≈.≈≈≈≈
'...#..:#...'.......).......2....
'...#./.'...'...@......§....&.2..
'...#).)#...'..)....§§......22...
#...#####...#≈≈≈≈≈.≈≈≈≈≈≈≈≈≈.≈≈§≈
#.......)...#####§.§#######≈.≈###
##.........## ##'## ##'##
##...))..## #...# ...# ###§''###
#...# #.|.# #≈§..≈# #...# #...#
≈≈§..§≈≈≈ #####


There were no monsters in sight!

Vanquished Creatures
  the Royal Jelly (Slime:5)
  Mnoleg (Pan)
  Lom Lobon (Pan)
  Frederick (Crypt:3)
  8 orbs of fire
  3 ancient liches
  Mara (Vaults:2)
  2 dread liches
  Mennas (Pan)
  Sojobo (Vaults:2)
  15 Killer Klowns
  Bai Suzhen (Snake:3)
  3 caustic shrikes (Depths:4)
  2 curse toes
  The ghost of Jajuenucs the Victor of a Thousand Battles, a veteran GnWn of Okawaru (Depths:3)
  Margery (Crypt:2)
  Norris (Depths:1)
  9 golden dragons
  3 profane servitors
  4 Tzitzimimeh (Pan)
  4 bone dragons
  3 doom hounds (Zot:3)
  8 Brimstone Fiends (Pan)
  2 electric golems (Zot:5)
  A hellephant (Crypt:2)
  Zenata (Elf:1)
  16 tentacled monstrosities
  The ghost of Jabb the Severer, an adept DsGl of Jiyva (Elf:2)
  2 Hell Sentinels (Pan)
  7 pandemonium lords (Pan)
  2 walking crystal tomes
  Grunn (Zot:3)
  Asterion (Elf:1)
  8 quicksilver dragons
  25 Orb Guardians (Zot:5)
  8 Ice Fiends (Pan)
  10 titans
  3 deep elf master archers (WizLab)
  5 liches
  The ghost of occam the Fencer, an adept CoGl of Okawaru (Snake:4)
  A deep elf blademaster (Elf:2)
  Polyphemus (Shoals:3)
  2 krakens
  25 acid blobs
  4 sphinxes
  7 tentacled starspawn
  An ancient champion (Crypt:2)
  7 tengu reavers
  4 death cobs
  10 Executioners
  Aizul (Snake:1)
  13 storm dragons
  Ilsuiw (Shoals:4)
  A revenant (Crypt:2)
  A thorn hunter (WizLab)
  11 azure jellies
  3 draconian monks
  9 shadow dragons
  10 rockslimes
  8 fire giants
  4 fenstrider witches
  7 nagarajas
  Donald (Elf:1)
  9 protean progenitors
  9 demonspawn warmongers (Pan)
  17 vault wardens
  2 deep elf sorcerers
  7 draconian shifters
  6 draconian knights
  7 iron dragons
  3 frost giants
  7 draconian scorchers
  3 ghost moths
  22 balrugs
  4 curse skulls
  9 ghouls (Crypt:3)
  12 reapers
  15 ironbound preservers
  A spriggan defender (Depths:3)
  4 angels (Zot:1)
  10 draconian annihilators
  6 draconian stormcallers
  A juggernaut zombie (Crypt:3)
  5 orc warlords
  10 stone giants
  8 quicksilver oozes
  29 cacodemons
  6 formless jellyfish
  5 demonspawn corrupters (Pan)
  10 demonspawn blood saints (Pan)
  5 ironbound thunderhulks
  An ophan (Abyss:2)
  19 very ugly things
  2 vampire knights
  3 deep elf death magi
  10 green draconians
  4 deep elf annihilators
  10 red draconians
  5 black draconians
  9 demonspawn black suns (Pan)
  The ghost of Ynwoy the Lord of Darkness, a journeyman FeSu of Kikubaaqudgha (Elf:1)
  12 purple draconians
  A bunyip (Zot:2)
  2 war gargoyles
  8 white draconians
  2 eleionomae (WizLab)
  19 starcursed masses (Abyss:2)
  4 lorocyprocas (Pan)
  A minotaur (Gauntlet)
  5 yellow draconians
  5 dire elephants
  8 spark wasps
  23 ettins
  2 pearl dragon zombies (Crypt:1)
  8 eidola
  18 green deaths (Pan)
  A crystal guardian (Vaults:1)
  11 merfolk impalers
  19 blizzard demons
  11 merfolk javelineers
  4 fire dragons
  6 jiangshi
  12 yaktaur captains
  An entropy weaver (shapeshifter) (Depths:3)
  9 rakshasas
  Erolcha (Orc:2)
  11 great orbs of eyes
  49 vault guards
  2 quicksilver dragon skeletons
  3 shambling mangroves (WizLab)
  9 ice dragons
  8 spriggan air magi
  The ghost of LobsterGuardian the Bludgeoner, a journeyman GrFi of Zin (D:12)
  A spriggan zombie (Crypt:3)
  4 hell beasts (Pan)
  5 salamander tyrants
  A peacekeeper (Vaults:1)
  2 catoblepae
  9 anacondas
  An anaconda (shapeshifter) (Depths:3)
  A caustic shrike simulacrum (Depths:3)
  15 centaur warriors
  2 jorogumos (Pan)
  A spriggan skeleton (Crypt:1)
  An alligator (Lair:5)
  3 hydras
  A merfolk avatar (Shoals:2)
  5 death knights
  4 merfolk aquamancers
  8 ironbound frosthearts
  4 boulder beetles
  2 ogre magi
  7 two-headed ogres
  22 dancing weapons
  4 alligator snapping turtles
  8 tengu warriors
  5 deep troll earth magi
  4 hell hogs
  2 deep troll shamans
  8 death yaks
  8 satyrs
  12 naga warriors
  A shock serpent (shapeshifter) (Vaults:5)
  14 demonic crawlers (Pan)
  A fenstrider witch skeleton (Abyss:2)
  10 shock serpents
  5 thrashing horrors
  6 vampire magi
  5 occultists (Depths:2)
  5 spriggan berserkers
  102 sun demons
  21 naga sharpshooters
  7 orc high priests
  Sonja (Lair:1)
  27 soul eaters (Pan)
  18 deep elf knights
  5 spriggans
  12 hell knights
  8 skysharks
  A storm dragon zombie (Crypt:1)
  An iron troll (Depths:1)
  8 wretched stars
  35 sixfirhies
  7 arcanists
  5 salamander mystics
  An iron giant zombie (Crypt:3)
  33 skeletal warriors
  A skyshark (shapeshifter) (Vaults:5)
  A sun moth (shapeshifter) (Zot:1)
  A death drake (shapeshifter) (Vaults:5)
  A deep troll (shapeshifter) (Zot:1)
  44 deep trolls
  8 sea snakes
  A swamp dragon (shapeshifter) (Vaults:1)
  A cherub (Pan)
  11 glowing orange brains
  8 mana vipers
  6 flayed ghosts
  A swamp dragon (Lair:5)
  A mana viper (shapeshifter) (Vaults:2)
  25 shadow demons (Pan)
  A bunyip skeleton (Crypt:2)
  An orb spider (shapeshifter) (Vaults:4)
  10 deep elf archers
  A ghost moth zombie (Crypt:2)
  3 lindwurms (Vaults:1)
  22 deep elf zephyrmancers
  2 thermic dynamos
  5 naga ritualists
  38 harpies
  16 orc knights
  6 sun moths
  25 ironbound convokers
  A wolf spider zombie (Crypt:1)
  27 phantasmal warriors
  15 necromancers
  2 stone giant zombies (Crypt:3)
  Pikel (D:9)
  14 ugly things
  A will-o-the-wisp (Abyss:3)
  21 deep elf pyromancers
  5 orc sorcerers
  A shadow dragon skeleton (Crypt:2)
  4 wolf spiders
  An iron dragon zombie (Crypt:3)
  A worldbinder (Abyss:2)
  A fire giant zombie (Vaults:2)
  A shock serpent zombie (Crypt:2)
  6 shining eyes
  10 cyclopes
  19 manticores
  36 fauns
  17 salamanders
  3 meliai (D:15)
  28 moths of wrath
  2 oklob plants (WizLab)
  A centaur zombie (Crypt:3)
  An elephant (shapeshifter) (Vaults:5)
  4 kobold blastminers
  5 guardian serpents
  3 dire elephant zombies
  3 merfolk sirens
  A meliai (shapeshifter) (Elf:2)
  5 rust devils
  Joseph (D:9)
  2 apis skeletons (Crypt:1)
  A torpor snail (shapeshifter) (Depths:3)
  36 black mambas
  18 vault sentinels
  An eye of devastation (shapeshifter) (Depths:1)
  2 apocalypse crabs
  2 black mambas (shapeshifter)
  An ice statue (Vaults:3)
  11 naga magi
  12 cane toads
  A naga zombie (Crypt:3)
  48 smoke demons
  A water nymph (Shoals:4)
  5 gargoyles
  An eye of devastation (Pan)
  17 orange demons
  A grey draconian zombie (Crypt:2)
  An elf skeleton (Vaults:2)
  A dire elephant skeleton (Crypt:1)
  An unseen horror (D:11)
  3 kobold demonologists
  5 hellions (Pan)
  50 large abominations
  9 rime drakes
  A komodo dragon (shapeshifter) (D:15)
  A steelbarb worm zombie (Crypt:2)
  3 freezing wraiths
  8 tormentors (Pan)
  20 yaktaurs
  9 komodo dragons
  8 efreet
  A hydra zombie (Crypt:3)
  9 trolls
  4 ancient zymes
  2 guardian mummies (Crypt:3)
  A yaktaur skeleton (Vaults:2)
  A harpy zombie (Crypt:3)
  44 merfolk
  A queen bee (Gauntlet)
  4 red devils
  37 hellwings (Pan)
  A polar bear (shapeshifter) (Depths:3)
  9 wind drakes
  Prince Ribbit (D:5)
  11 snapping turtles
  A wind drake (shapeshifter) (Depths:3)
  9 hornets
  12 polar bears
  A raiju (shapeshifter) (Depths:3)
  6 glass eyes
  9 blink frogs
  24 raiju
  An ice dragon zombie (Crypt:2)
  10 dream sheep
  164 slime creatures
  2 air elementals
  20 small abominations
  A centaur simulacrum (Crypt:2)
  2 shadows
  2 vampires
  2 jumping spiders (Crypt:3)
  5 wyverns
  52 yaks
  49 ynoxinuls
  13 water elementals
  A culicivora (shapeshifter) (Depths:3)
  A human (shapeshifter) (Depths:3)
  10 wraiths
  3 fire elementals (Elf:1)
  31 neqoxecs
  2 black mamba skeletons
  Eustachio (D:5)
  9 golden eyes
  9 wargs
  6 basilisks
  5 redbacks (Crypt:3)
  7 steam dragons
  10 vampire mosquitoes
  58 chaos spawn
  A harpy simulacrum (Abyss:3)
  3 acid dragons
  53 nagas
  A swamp worm (shapeshifter) (Depths:4)
  2 glowing shapeshifter skeletons
  17 water moccasins
  A two-headed ogre skeleton (Crypt:1)
  13 hell hounds (Lair:5)
  Pargi (Sewer)
  A hornet zombie (Crypt:1)
  34 orc warriors
  A sky beast (D:7)
  15 black bears
  2 swamp drakes (Lair:5)
  4 centaurs
  9 laughing skulls
  4 ice beasts
  14 ogres
  22 wolves
  5 phantoms
  3 kobold brigands
  18 bullfrogs
  4 brain worms
  3 weeping skulls (Abyss:3)
  A brain worm (shapeshifter) (Depths:3)
  A gnoll sergeant (D:7)
  5 scorpions
  2 earth elementals
  33 wights
  A hornet simulacrum (D:14)
  9 wyvern skeletons (Crypt:3)
  A polar bear zombie (Crypt:2)
  11 killer bees
  3 howler monkeys (D:7)
  A bullfrog zombie (Crypt:1)
  4 quasits
  4 hounds
  A jelly (D:5)
  11 orc priests
  A bombardier beetle (D:3)
  Crazy Yiuf (D:5)
  2 iron imps (Abyss:2)
  5 iguanas
  Ijyb (D:3)
  25 orc wizards
  6 hell rats (Lair:3)
  A hound skeleton (Crypt:2)
  A hound zombie (Crypt:1)
  A mummy (Crypt:3)
  16 gnolls
  11 adders
  A river rat (D:5)
  A steam dragon skeleton (Crypt:2)
  4 shadow imps
  6 white imps
  21 ufetubi
  An adder skeleton (Crypt:2)
  2 ribbon worms
  64 orcs
  4 ball pythons
  7 endoplasms
  6 giant cockroaches
  5 goblins
  8 hobgoblins
  4 jackals
  5 quokkas
  3 bats (D:3)
  A bombardier beetle zombie (Crypt:1)
  2 frilled lizards
  10 kobolds
  7 rats
  A rat skeleton (Crypt:1)
  13 aspiring fleshes
  3 ball lightnings (Pan)
  A butterfly (Zot:1)
  12 fire vortices
  7 starspawn tentacles
  A tentacle (Shoals:4)
3377 creatures vanquished.

Vanquished Creatures (collateral kills)
  A golden dragon (Depths:4)
  2 tentacled monstrosities
  A lich (Vaults:3)
  An acid blob (Slime:5)
  An Executioner (Pan)
  A protean progenitor (Pan)
  An azure jelly (Slime:5)
  A ghost moth (Pan)
  A draconian stormcaller (Zot:1)
  A reaper (Pan)
  A very ugly thing (Depths:3)
  2 stone giants (Vaults:5)
  2 ironbound preservers (Vaults:4)
  A green draconian (Zot:3)
  A lorocyproca (Pan)
  A white draconian (Zot:4)
  A green death (Pan)
  An ettin (Vaults:5)
  A mummy priest (Crypt:3)
  A spriggan zombie (Crypt:2)
  A rakshasa (Pan)
  An ice dragon (Depths:4)
  A titan zombie (Crypt:3)
  A glowing orange brain (Pan)
  An ugly thing (Vaults:3)
  2 apis skeletons (Crypt:1)
  A centaur zombie (Crypt:3)
  3 smoke demons (Pan)
  2 hellwings (Pan)
  A chaos spawn (Abyss:3)
  A small abomination (Abyss:2)
  A jelly (Abyss:3)
39 creatures vanquished.

Vanquished Creatures (others)
  2 eldritch tentacles (Pan)
  A vampire knight (Depths:3)
  A deep elf annihilator (Pan)
  A dancing weapon (Elf:1)
  A merfolk aquamancer (Shoals:4)
  A deep elf knight (Elf:2)
  A deep elf archer (Elf:1)
  A titan simulacrum (Abyss:2)
  2 ynoxinuls (Pan)
  3 ball lightnings (Pan)
  548 fire vortices
  7 starspawn tentacles (Abyss:2)
  7 tentacles
576 creatures vanquished.

Grand Total: 3992 creatures vanquished

Notes
Turn   | Place    | Note
-------+----------+-------------------------------------------
     0 | D:1      | CougarLife the Gargoyle Earth Elementalist began the quest
                  | for the Orb.
     0 | D:1      | Reached XP level 1. HP: 10/10 MP: 3/3
   240 | D:1      | Reached XP level 2. HP: 15/15 MP: 3/5
  1063 | D:2      | Found a faded altar of an unknown god.
  1203 | D:2      | Found Ditzemu's Weapon Shop.
  1209 | D:2      | Reached XP level 3. HP: 19/19 MP: 0/6
  1715 | D:3      | Reached XP level 4. HP: 18/24 MP: 1/8
  2542 | D:3      | Noticed Ijyb
  2545 | D:3      | Paralysed by Ijyb for 5 turns
  2552 | D:3      | Paralysed by Ijyb for 4 turns
  2558 | D:3      | Killed Ijyb
  2559 | D:3      | Reached XP level 5. HP: 9/28 MP: 3/9
  2644 | D:3      | Learned a level 3 spell: Stone Arrow
  2723 | D:4      | Noticed a phantom
  2726 | D:4      | Killed a phantom
  2727 | D:4      | Reached skill level 5 in Earth Magic
  2768 | D:3      | Reached XP level 6. HP: 31/32 MP: 2/11
  3258 | D:4      | Noticed a black bear
  3347 | D:3      | Reached XP level 7. HP: 32/36 MP: 6/13
  3651 | D:4      | Reached skill level 5 in Conjurations
  3804 | D:4      | Reached skill level 5 in Spellcasting
  4007 | D:5      | Entered Level 5 of the Dungeon
  4027 | D:5      | Reached XP level 8. HP: 41/41 MP: 13/15
  4245 | D:5      | Noticed Eustachio
  4253 | D:5      | Killed Eustachio
  4431 | D:5      | Found a glowing drain.
  4436 | Sewer    | Entered a sewer
  4481 | Sewer    | Noticed Pargi
  4487 | Sewer    | Killed Pargi
  4699 | D:5      | Reached skill level 1 in Fire Magic
  4896 | D:5      | Noticed Prince Ribbit
  4900 | D:5      | Killed Prince Ribbit
  4901 | D:5      | Reached XP level 9. HP: 45/45 MP: 15/18
  5181 | D:5      | Found a runed translucent door.
  5182 | D:5      | Noticed Crazy Yiuf
  5219 | D:5      | Killed Crazy Yiuf
  5626 | D:6      | Found a snail-covered altar of Cheibriados.
  5642 | D:6      | Found a staircase to the Ecumenical Temple.
  5674 | Temple   | Entered the Ecumenical Temple
  5684 | Temple   | Became a worshipper of Vehumet
  5996 | D:6      | Noticed a purple ugly thing
  5997 | D:6      | Noticed a troll
  6017 | D:6      | Killed a purple ugly thing
  6130 | D:6      | Killed a troll
  6131 | D:6      | Reached XP level 10. HP: 50/50 MP: 10/20
  6620 | D:7      | Identified the +2 robe of Beastly Mirth {rElec rF+ rN+}
  6621 | D:7      | Found a runed translucent gate.
  6630 | D:7      | Reached skill level 1 in Air Magic
  6630 | D:7      | Found a runed translucent gate.
  6630 | D:7      | Found a runed translucent gate.
  6658 | D:7      | Noticed Gangsterbeez's ghost (novice MiFi)
  6738 | D:7      | Reached skill level 10 in Earth Magic
  6913 | D:7      | Reached * piety under Vehumet
  6913 | D:7      | Offered knowledge of Kiss of Death by Vehumet.
  7834 | D:8      | Learned a level 5 spell: Freezing Cloud
  8640 | D:8      | Found Habov's Assorted Antiques.
  8806 | D:9      | Noticed a two-headed ogre
  8809 | D:9      | Killed a two-headed ogre
  8809 | D:9      | Offered knowledge of Magic Dart by Vehumet.
  8810 | D:9      | Reached skill level 5 in Fire Magic
  8905 | D:9      | Reached ** piety under Vehumet
  8908 | D:9      | Reached XP level 11. HP: 49/54 MP: 15/23
  9327 | D:9      | Offered knowledge of Searing Ray by Vehumet.
  9519 | D:9      | Learned a level 6 spell: Starburst
  9648 | D:9      | Noticed Joseph
  9655 | D:9      | Killed Joseph
  9918 | D:9      | Noticed Pikel
  9926 | D:9      | Killed Pikel
 10053 | D:10     | Entered Level 10 of the Dungeon
 10096 | D:10     | Reached *** piety under Vehumet
 10429 | D:10     | Reached skill level 10 in Conjurations
 10444 | D:10     | Offered knowledge of Sticky Flame by Vehumet.
 10507 | D:10     | Noticed a two-headed ogre
 10663 | D:10     | Noticed an orc knight
 10742 | D:10     | Killed an orc knight
 10748 | D:10     | Killed a two-headed ogre
 10882 | D:10     | Found a staircase to the Orcish Mines.
 10904 | D:10     | Found an ornate altar of the Wu Jian Council.
 11194 | D:9      | Reached skill level 1 in Fighting
 11383 | D:10     | Reached **** piety under Vehumet
 11437 | D:10     | Found a staircase to the Lair.
 11599 | D:11     | Offered knowledge of Flame Wave by Vehumet.
 11600 | D:11     | Reached XP level 12. HP: 62/62 MP: 20/25
 11601 | D:11     | Reached skill level 2 in Fighting
 11917 | D:11     | Identified 2 scrolls of acquirement
 11920 | D:11     | Acquired the ring of Noon {rPois rN+ EV+5 Int+4}
 11924 | D:11     | Acquired 750 gold pieces
 11934 | D:11     | Noticed a two-headed ogre
 11936 | D:11     | Found a runed translucent gate.
 11936 | D:11     | Found a runed translucent gate.
 11936 | D:11     | Found a runed translucent gate.
 11939 | D:11     | Killed a two-headed ogre
 11940 | D:11     | Reached skill level 3 in Fighting
 12019 | D:11     | Noticed Oreusi's ghost (journeyman MDFE)
 12019 | D:11     | You fall into a shaft and drop 2 floors!
 12048 | D:12     | Noticed a boulder beetle
 12171 | D:12     | Found a transporter.
 12173 | D:12     | Noticed a boulder beetle
 12175 | D:12     | Found a transporter.
 12196 | D:12     | Noticed a boulder beetle
 12196 | D:12     | Noticed a deep troll earth mage
 12199 | D:12     | Noticed LobsterGuardian's ghost (journeyman GrFi)
 12220 | D:12     | Killed a boulder beetle
 12331 | D:12     | Reached skill level 4 in Fighting
 12477 | D:11     | Learned a level 5 spell: Lee's Rapid Deconstruction
 12566 | D:11     | Noticed a two-headed ogre
 12571 | D:11     | Killed a two-headed ogre
 12883 | D:11     | Noticed a storm dragon
 13385 | D:11     | Reached skill level 5 in Fighting
 13385 | D:11     | Reached skill level 10 in Spellcasting
 13511 | Lair:1   | Entered Level 1 of the Lair of Beasts
 13705 | Lair:1   | Noticed Sonja
 13736 | Lair:1   | Killed Sonja
 13896 | Lair:1   | Reached XP level 13. HP: 69/74 MP: 16/27
 13907 | Lair:1   | Reached skill level 6 in Fighting
 14750 | Lair:2   | Found a gate leading to a gauntlet.
 14762 | Gauntlet | Entered a Gauntlet
 14762 | Gauntlet | Found a transporter.
 14772 | Gauntlet | Found a transporter.
 14787 | Gauntlet | Found a transporter.
 14792 | Gauntlet | Found a transporter.
 14807 | Gauntlet | Found a transporter.
 14826 | Gauntlet | Found a transporter.
 14838 | Gauntlet | Found a transporter.
 14850 | Gauntlet | Found a transporter.
 14862 | Gauntlet | Found a transporter.
 14874 | Gauntlet | Found a transporter.
 14877 | Gauntlet | Noticed a reaper
 14891 | Gauntlet | Found a transporter.
 14908 | Gauntlet | Found a transporter.
 14910 | Gauntlet | Found a transporter.
 14935 | Gauntlet | Found a transporter.
 14955 | Gauntlet | Found a transporter.
 15033 | Gauntlet | Found a transporter.
 15053 | Gauntlet | Found a transporter.
 15259 | Gauntlet | Found a transporter.
 15508 | Gauntlet | Identified the +1 pair of gloves "Xouzxaast" {rElec MP+9
                  | Str-3}
 15510 | Gauntlet | Identified the ring of Freedom {rF+ EV+5 Str+2}
 15687 | Gauntlet | Identified the +0 ring mail "Xurolapi" {^Contam Harm
                  | Rampage rF++}
 15687 | Gauntlet | Noticed a minotaur
 15691 | Gauntlet | Killed a minotaur
 15728 | Gauntlet | Identified the +1 robe "Fifaxoit" {rElec Dex-4 Slay+4}
 15729 | Gauntlet | Got the Anthology of the Adder
 15855 | Lair:2   | Reached skill level 7 in Fighting
 15872 | Lair:2   | Found a staircase to the Shoals.
 16348 | Lair:2   | Found a staircase to the Snake Pit.
 16530 | Lair:2   | You fall into a shaft and drop 2 floors!
 16800 | Lair:3   | Reached ***** piety under Vehumet
 17138 | Lair:3   | Offered knowledge of Iskenderun's Mystic Blast by Vehumet.
 17225 | Lair:3   | Reached skill level 8 in Fighting
 17428 | Lair:3   | Reached skill level 1 in Armour
 18051 | Lair:4   | Identified the -1 helmet of Patterns {rN+ Will++}
 18456 | Lair:4   | Gained mutation: Your large and strong wings let you fly.
                  | [Gargoyle growth]
 18456 | Lair:4   | Reached XP level 14. HP: 84/84 MP: 29/29
 19135 | Lair:5   | Entered Level 5 of the Lair of Beasts
 19452 | Lair:5   | Reached skill level 15 in Earth Magic
 19694 | Lair:5   | Found a transporter.
 19701 | Lair:5   | Found a transporter.
 19713 | Lair:5   | Found a one-way gate to the infinite horrors of the Abyss.
 19713 | Lair:5   | Noticed Smoke131's ghost (journeyman OnGl)
 19881 | Lair:5   | Reached skill level 5 in Armour
 20096 | Lair:5   | Offered knowledge of Eringya's Noxious Bog by Vehumet.
 21095 | Lair:5   | Found a staircase to the Slime Pits.
 21544 | Lair:5   | Identified the +1 scale mail "Verghaw" {rF+ Regen+ Int-5
                  | Dex+4}
 22801 | D:12     | Reached XP level 15. HP: 45/88 MP: 26/31
 22805 | D:12     | Killed LobsterGuardian's ghost
 22936 | D:12     | Got the Secrets of the Cloudy Syncline
 22968 | D:12     | Learned a level 8 spell: Lehudib's Crystal Spear
 23050 | Orc:1    | Entered Level 1 of the Orcish Mines
 23094 | Orc:1    | Offered knowledge of Yara's Violent Unravelling by Vehumet.
 23165 | Orc:1    | Identified the +7 chain mail "Aludwiahye" {rF+ Regen+ SInv}
 23165 | Orc:1    | Noticed an orc warlord
 23276 | Orc:1    | Identified the +6 scimitar of Luxury {venom, rF+}
 23280 | D:10     | Killed an orc warlord
 23602 | Orc:1    | Noticed an orc warlord
 23856 | Orc:1    | Killed an orc warlord
 23947 | Orc:2    | Entered Level 2 of the Orcish Mines
 23947 | Orc:2    | Found Zidurgha's Book Emporium.
 23947 | Orc:2    | Found Ydygimp's General Store.
 23953 | Orc:2    | Reached skill level 15 in Conjurations
 24595 | Orc:2    | Found a staircase to the Elven Halls.
 24638 | Orc:2    | Noticed an orc warlord
 24777 | Orc:2    | Killed an orc warlord
 25312 | Orc:2    | Found Mozorgha's Gadget Gallery.
 25456 | Orc:2    | Found Cullunn's Antique Armour Shop.
 25496 | Orc:2    | Found Agoestru's Antique Weapon Boutique.
 25619 | Orc:2    | Noticed Erolcha
 25624 | Orc:2    | Killed Erolcha
 25656 | Orc:2    | Offered knowledge of Bombard by Vehumet.
 26836 | D:13     | Found a shimmering blue altar of Sif Muna.
 27676 | D:14     | Found a gate to the Vaults.
 27886 | D:15     | Entered Level 15 of the Dungeon
 27910 | D:15     | Reached XP level 16. HP: 85/93 MP: 17/33
 28501 | D:15     | Identified the +0 hat "Budwosmy" {Str+3}
 28858 | D:15     | Found Tulestrorch's Magic Scroll Emporium.
 28886 | D:15     | Bought a scroll of enchant armour for 127 gold pieces
 28886 | D:15     | Bought a scroll of identify for 34 gold pieces
 28886 | D:15     | Bought a scroll of fog for 68 gold pieces
 28886 | D:15     | Bought a scroll of blinking for 127 gold pieces
 28886 | D:15     | Bought 2 scrolls of teleportation for 102 gold pieces
 28886 | D:15     | Bought a scroll of teleportation for 51 gold pieces
 29020 | D:15     | Reached skill level 10 in Fire Magic
 29049 | D:15     | Found a staircase to the Depths.
 29505 | Snake:1  | Entered Level 1 of the Snake Pit
 29683 | Snake:1  | Offered knowledge of Irradiate by Vehumet.
 30266 | Snake:1  | Identified the serpent talisman of Xom's Felicitations {rF+
                  | rCorr Str+3 Dex+5}
 30266 | Snake:1  | Noticed Aizul
 30273 | Snake:1  | Killed Aizul
 31097 | Snake:2  | Found a flickering gateway to a bazaar.
 31105 | Bazaar   | Entered a bazaar
 31106 | Bazaar   | Found Ucriucru's Antique Weapon Boutique.
 31106 | Bazaar   | Found Wyl Zogoa's Book Shop.
 31107 | Bazaar   | Found Woth's Antique Weapon Emporium.
 31140 | Bazaar   | Found Tamiasah's Magic Scroll Emporium.
 31148 | Bazaar   | Bought a scroll of teleportation for 51 gold pieces
 31148 | Bazaar   | Bought a scroll of enchant armour for 127 gold pieces
 31148 | Bazaar   | Bought a scroll of enchant armour for 127 gold pieces
 31675 | Snake:2  | Identified the +0 scale mail "Zeixtoen" {Int+2}
 32019 | Snake:2  | Found a burning altar of Makhleb.
 33239 | Snake:3  | Noticed a nagaraja
 33261 | Snake:3  | Reached XP level 17. HP: 97/97 MP: 31/35
 33428 | Snake:3  | Noticed Bai Suzhen
 33441 | Snake:3  | Killed Bai Suzhen
 34567 | Snake:4  | Entered Level 4 of the Snake Pit
 35389 | Snake:4  | Found a large runed translucent door.
 35389 | Snake:4  | Found a large runed translucent door.
 35393 | Snake:4  | Noticed occam's ghost (adept CoGl)
 36289 | Snake:4  | Reached ****** piety under Vehumet
 36319 | Snake:4  | Offered knowledge of Fireball by Vehumet.
 36667 | Snake:4  | Killed occam's ghost
 36668 | Snake:4  | Reached skill level 9 in Fighting
 36668 | Snake:4  | Reached skill level 15 in Spellcasting
 36847 | Snake:4  | Reached XP level 18. HP: 106/106 MP: 37/37
 36924 | Snake:4  | Reached skill level 10 in Fighting
 37304 | Snake:4  | Got a serpentine rune of Zot
 37543 | Shoals:1 | Entered Level 1 of the Shoals
 38561 | Shoals:1 | Reached skill level 11 in Fighting
 39816 | Shoals:2 | Offered knowledge of Maxwell's Capacitive Coupling by
                  | Vehumet.
 40551 | Shoals:2 | Reached skill level 12 in Fighting
 41623 | Shoals:3 | Noticed Polyphemus
 41631 | Shoals:3 | Killed Polyphemus
 41905 | Shoals:3 | Reached XP level 19. HP: 118/118 MP: 38/38
 41909 | Shoals:3 | Reached skill level 13 in Fighting
 42334 | Shoals:4 | Entered Level 4 of the Shoals
 43233 | Shoals:4 | Reached skill level 14 in Fighting
 44009 | Shoals:4 | Got a barnacled rune of Zot
 44132 | Shoals:4 | Noticed Ilsuiw
 44140 | Shoals:4 | Killed Ilsuiw
 44391 | Shoals:4 | Identified the amulet of the Traitor {Spirit Will+ Str+2}
 44569 | Shoals:4 | Offered knowledge of Fire Storm by Vehumet.
 44569 | Shoals:4 | Offered knowledge of Shatter by Vehumet.
 44569 | Shoals:4 | Offered knowledge of Polar Vortex by Vehumet.
 44706 | Shoals:4 | Learned a level 9 spell: Shatter
 45572 | Elf:1    | Entered Level 1 of the Elven Halls
 45730 | Elf:1    | Found Liutiuko's Assorted Antiques.
 45730 | Elf:1    | Found Xaovus's Assorted Antiques.
 45744 | Elf:1    | Noticed Zenata
 45749 | Elf:1    | Killed Zenata
 45847 | Elf:1    | Bought a potion of curing for 81 gold pieces
 45847 | Elf:1    | Bought a potion of heal wounds for 135 gold pieces
 45847 | Elf:1    | Bought a potion of brilliance for 108 gold pieces
 45847 | Elf:1    | Bought a potion of heal wounds for 135 gold pieces
 45898 | Elf:1    | Reached skill level 15 in Fighting
 45941 | Elf:1    | Noticed Donald
 45944 | Elf:1    | Killed Donald
 46053 | Elf:1    | Reached XP level 20. HP: 120/129 MP: 26/40
 46060 | Elf:1    | Reached skill level 1 in Shields
 46109 | Elf:1    | Got the Parchment of Percussion
 46174 | Elf:1    | Noticed Asterion
 46179 | Elf:1    | Killed Asterion
 46392 | Elf:1    | Found a runed translucent gate.
 46392 | Elf:1    | Found a runed translucent gate.
 46392 | Elf:1    | Found a runed translucent gate.
 46394 | Elf:1    | Noticed Ynwoy's ghost (journeyman FeSu)
 46608 | Elf:1    | Found Decuph's Weapon Boutique.
 46695 | Elf:1    | Paralysed by an air elemental for 1 turns
 47316 | Elf:1    | Paralysed by a Zot trap for 2 turns
 47323 | Elf:1    | Killed Ynwoy's ghost
 47511 | Elf:1    | Identified the +0 hat of the Miller {-Tele Fly Dex+4}
 47986 | Elf:2    | Found a runed translucent door.
 47986 | Elf:2    | Noticed Jabb's ghost (adept DsGl)
 47999 | Elf:2    | Killed Jabb's ghost
 48082 | Elf:2    | Reached skill level 15 in Fire Magic
 48168 | Elf:2    | Identified the +0 helmet of Inevitability {rElec}
 48381 | Elf:2    | Found a runed translucent gate.
 48382 | Elf:2    | Found a runed translucent gate.
 48382 | Elf:2    | Found a runed translucent gate.
 49899 | Elf:2    | Identified the blade talisman of Okawaru's Vengeance {Str-5
                  | Int+5 Dex-5 SInv}
 50219 | Vaults:1 | Entered Level 1 of the Vaults
 50350 | Vaults:1 | Found a runed translucent door.
 50965 | Vaults:1 | Reached skill level 16 in Fighting
 51148 | Vaults:1 | Reached XP level 21. HP: 117/136 MP: 26/42
 52314 | Vaults:2 | Noticed Sojobo
 52331 | Vaults:2 | Killed Sojobo
 52906 | Vaults:2 | Found Wiecw's Magic Scroll Shoppe.
 52949 | Vaults:2 | Bought a scroll of teleportation for 36 gold pieces
 53599 | Vaults:2 | Noticed Mara
 53604 | Vaults:2 | Killed Mara
 54574 | Vaults:3 | Found a flickering gateway to a bazaar.
 54579 | Bazaar   | Entered a bazaar
 54579 | Bazaar   | Found Kur Opre's Distillery.
 54586 | Bazaar   | Bought a potion of curing for 33 gold pieces
 54586 | Bazaar   | Bought a potion of mutation for 88 gold pieces
 54586 | Bazaar   | Bought a potion of heal wounds for 55 gold pieces
 54586 | Bazaar   | Bought a potion of enlightenment for 55 gold pieces
 54586 | Bazaar   | Bought a potion of mutation for 88 gold pieces
 54586 | Bazaar   | Bought a potion of heal wounds for 55 gold pieces
 54592 | Bazaar   | Found Canneff's Assorted Antiques.
 54603 | Bazaar   | Found Xyonyb's Jewellery Shoppe.
 54610 | Bazaar   | Found Sushres's General Store.
 54648 | Vaults:3 | Found a magical portal.
 54657 | WizLab   | Entered Eringya's Formal Garden
 54668 | WizLab   | Learned a level 9 spell: Fire Storm
 54680 | WizLab   | Learned a level 9 spell: Fire Storm
 55213 | WizLab   | Reached XP level 22. HP: 136/144 MP: 8/44
 55605 | WizLab   | Found a blossoming altar of Fedhas.
 55614 | WizLab   | Identified the +12 quarterstaff "Vuduwar" {spect, Fly
                  | Int+3}
 55640 | WizLab   | Reached skill level 17 in Fighting
 55706 | WizLab   | Got Eringya's Collected Works on the Athanor
 56042 | Vaults:2 | Bought 3 scrolls of identify for 72 gold pieces
 56923 | Vaults:3 | Reached skill level 5 in Shields
 56949 | Vaults:3 | Found a staircase to the Crypt.
 57298 | Vaults:4 | Found Ifeom's Armour Shoppe.
 58062 | Vaults:4 | Identified the +4 dagger of Jyhoek {flame, Str+4 Int+5}
 58777 | Crypt:1  | Entered Level 1 of the Crypt
 58994 | Crypt:1  | Found the +2 hood of the Assassin {Detect Stab+ Stlth++}
 59278 | Crypt:1  | Noticed a dread lich
 59297 | Crypt:1  | Killed a dread lich
 59298 | Crypt:1  | Reached XP level 23. HP: 150/150 MP: 44/45
 59383 | Crypt:1  | Found the +6 Majin-Bo {spellvamp, MP+6 Int+6}
 59884 | Crypt:1  | Found a basalt altar of Yredelemnul.
 60070 | Crypt:2  | Noticed Margery
 60073 | Crypt:2  | Killed Margery
 61268 | Crypt:3  | Entered Level 3 of the Crypt
 62012 | Crypt:3  | Found a staircase to the Tomb.
 62039 | Crypt:3  | Learned a level 8 spell: Ignition
 62154 | Crypt:3  | Found a basalt altar of Yredelemnul.
 62372 | Crypt:3  | Reached skill level 18 in Fighting
 62591 | Crypt:3  | Identified the +7 scimitar "Etaosi" {vamp, *Slow rElec rN+
                  | Dex+3}
 62591 | Crypt:3  | Identified the ring of Dusob {rN+ Int+3 Stlth+}
 62751 | Crypt:3  | Identified the +5 mace of Avinuira {flame, *Slow rPois
                  | Str+3 Int+3}
 62836 | Crypt:3  | Reached skill level 10 in Shields
 62946 | Crypt:3  | Identified the staff "Illump Yklu" {rF+ rCorr Dex-3 Hexes
                  | Fire}
 63794 | Crypt:3  | Identified the orb of Narrow Birdsong {*channel, rPois
                  | Int+5 Dex-3}
 63794 | Crypt:3  | Noticed Frederick
 63798 | Crypt:3  | Killed Frederick
 63918 | Crypt:3  | Reached XP level 24. HP: 157/157 MP: 43/46
 64013 | Crypt:3  | Identified the +2 lajatang "Otrez" {vamp, rPois rF+ Int+3}
 64418 | Depths:1 | Entered Level 1 of the Depths
 64511 | Depths:1 | Noticed Norris
 64513 | Depths:1 | Killed Norris
 65346 | Depths:1 | Identified the ring "Dearph" {*Slow Will+ MP+9 Slay+2}
 65408 | Depths:1 | Found a gateway to Hell.
 65937 | Depths:2 | Found a one-way gateway to a ziggurat.
 67541 | Depths:2 | Found a one-way gate leading to the halls of Pandemonium.
 67771 | Depths:3 | Found a portal to a secret trove of treasure.
 68487 | Depths:3 | Found a runed translucent gate.
 68487 | Depths:3 | Found a runed translucent gate.
 68487 | Depths:3 | Found a runed translucent gate.
 68675 | Depths:3 | Reached XP level 25. HP: 156/164 MP: 46/46
 68689 | Depths:3 | Found a runed translucent gate.
 68689 | Depths:3 | Found a runed translucent gate.
 68692 | Depths:3 | Noticed Jajuenucs's ghost (veteran GnWn)
 68698 | Depths:3 | Found a runed translucent gate.
 68744 | Depths:3 | Killed Jajuenucs's ghost
 69451 | Depths:3 | Identified the +2 cloak of Durable Music {Dex+2}
 69674 | Depths:4 | Entered Level 4 of the Depths
 70213 | Depths:4 | Found an opulent altar of Gozag.
 70556 | Depths:4 | Reached skill level 19 in Fighting
 70862 | Depths:4 | Found a gate to the Realm of Zot.
 71319 | Vaults:5 | Entered Level 5 of the Vaults
 71449 | Vaults:5 | Reached skill level 5 in Air Magic
 71571 | Vaults:5 | Noticed an ancient lich
 71922 | Vaults:5 | Killed an ancient lich
 72448 | Vaults:5 | Reached XP level 26. HP: 153/173 MP: 46/47
 73040 | Vaults:5 | Reached skill level 20 in Fighting
 73353 | Vaults:5 | Identified the +1 pair of gloves of Qarr {-Tele rPois Str+5
                  | Int+4}
 73670 | Vaults:5 | Found the +0 cloak of the Thief {Quiet Slay-3 SInv Stlth+}
 73713 | Vaults:5 | Got a silver rune of Zot
 73845 | Vaults:5 | Found Mit Jona's Antique Armour Emporium.
 74741 | Slime:1  | Entered Level 1 of the Pits of Slime
 76339 | Slime:3  | Reached skill level 10 in Air Magic
 77211 | Slime:5  | Entered Level 5 of the Pits of Slime
 77798 | Slime:5  | Noticed the Royal Jelly
 77804 | Slime:5  | Killed the Royal Jelly
 77961 | Slime:5  | Identified the ring "Puelunlu" {Will+ Int+6}
 77972 | Slime:5  | Identified the ring of Gexoissal {rPois Str+6 Int+2 Slay+2
                  | SInv}
 77986 | Slime:5  | Got a slimy rune of Zot
 78064 | Slime:5  | Identified the ring "Biama" {Str+2 Int+6}
 78135 | Slime:5  | Identified the amulet of Githecu {Reflect Will++ SH+5}
 78150 | Slime:5  | Identified the staff of Trauma {rElec rPois SInv Alchemy}
 78165 | Slime:5  | Acquired the Disquisition on the Maleficium
 78225 | Slime:5  | Identified the ring of Zucrac {Fly rPois rC+ Dex-2}
 78242 | Slime:5  | Identified the staff "Xiykk" {rC+ rN+ Dex+3 Fire Ice Air}
 78384 | Slime:5  | Identified the +7 shortbow "Death Rattle" {heavy, Int+3}
 79830 | Zot:1    | Entered Level 1 of the Realm of Zot
 79842 | Zot:1    | Reached XP level 27. HP: 156/181 MP: 16/47
 79899 | Zot:1    | Reached skill level 21 in Fighting
 80261 | Zot:1    | Found a shimmering altar of Xom.
 80882 | Zot:1    | Found a shimmering altar of Xom.
 80886 | Zot:1    | Found a shimmering altar of Xom.
 80886 | Zot:1    | Found a shimmering altar of Xom.
 80886 | Zot:1    | Found a shimmering altar of Xom.
 80886 | Zot:1    | Found a glowing silver altar of Zin.
 83021 | Zot:3    | Noticed an orb of fire
 83021 | Zot:3    | Noticed Grunn
 83022 | Zot:3    | Gained mutation: You are occasionally teleported next to
                  | monsters. [an orb of fire]
 83025 | Zot:3    | Killed an orb of fire
 83028 | Zot:2    | Lost mutation: You are occasionally teleported next to
                  | monsters. [potion of mutation]
 83028 | Zot:2    | Gained mutation: Your muscles are strong. (Str +4, Int/Dex
                  | -1) [potion of mutation]
 83028 | Zot:2    | Gained mutation: You expend magic power (3 MP) to
                  | strengthen your wands. [potion of mutation]
 83028 | Zot:2    | Gained mutation: You are agile. (Dex +4, Str/Int -1)
                  | [potion of mutation]
 83276 | Zot:3    | Killed Grunn
 84095 | Zot:3    | You are sucked into a shaft and drop 1 floor!
 84268 | Zot:4    | Noticed an orb of fire
 84270 | Zot:4    | Noticed an orb of fire
 84270 | Zot:4    | Noticed an orb of fire
 84274 | Zot:4    | Killed an orb of fire
 84274 | Zot:4    | Killed an orb of fire
 84275 | Zot:4    | Reached skill level 22 in Fighting
 84275 | Zot:4    | Gained mutation: Your health recovers twice as slowly from
                  | being drained. [an orb of fire]
 84276 | Zot:4    | Killed an orb of fire
 86280 | Zot:5    | Entered Level 5 of the Realm of Zot
 86630 | Zot:5    | Noticed an orb of fire
 86633 | Zot:5    | Gained mutation: You are vulnerable to heat. (rF-) [an orb
                  | of fire]
 86636 | Zot:5    | Killed an orb of fire
 86745 | Zot:5    | Lost mutation: Your muscles are strong. (Str +4, Int/Dex
                  | -1) [potion of mutation]
 86745 | Zot:5    | Lost mutation: You are agile. (Dex +4, Str/Int -1) [potion
                  | of mutation]
 86745 | Zot:5    | Lost mutation: You expend magic power (3 MP) to strengthen
                  | your wands. [potion of mutation]
 86745 | Zot:5    | Gained mutation: Your spells are a little easier to cast,
                  | but a little less powerful. [potion of mutation]
 86745 | Zot:5    | Gained mutation: You have hidden genetic defects. [potion
                  | of mutation]
 86746 | Zot:5    | Lost mutation: Your spells are a little easier to cast, but
                  | a little less powerful. [potion of mutation]
 86746 | Zot:5    | Lost mutation: You are vulnerable to heat. (rF-) [potion of
                  | mutation]
 86746 | Zot:5    | Gained mutation: You occasionally lose the ability to read
                  | scrolls when taking damage. [potion of mutation]
 86746 | Zot:5    | Gained mutation: You passively map a small area around you.
                  | [potion of mutation]
 86747 | Zot:5    | Lost mutation: You have hidden genetic defects. [potion of
                  | mutation]
 86747 | Zot:5    | Lost mutation: Your health recovers twice as slowly from
                  | being drained. [potion of mutation]
 86747 | Zot:5    | Gained mutation: You sometimes lose the ability to read
                  | scrolls when taking damage. [potion of mutation]
 86747 | Zot:5    | Gained mutation: You are occasionally teleported next to
                  | monsters. [potion of mutation]
 86747 | Zot:5    | Gained mutation: You passively dampen the noise of your
                  | surroundings. [potion of mutation]
 86748 | Zot:5    | Lost mutation: You sometimes lose the ability to read
                  | scrolls when taking damage. [potion of mutation]
 86748 | Zot:5    | Lost mutation: You occasionally lose the ability to read
                  | scrolls when taking damage. [potion of mutation]
 86748 | Zot:5    | Lost mutation: You passively map a small area around you.
                  | [potion of mutation]
 86748 | Zot:5    | Gained mutation: Your spells are a little harder to cast,
                  | but a little more powerful. [potion of mutation]
 86748 | Zot:5    | Gained mutation: Your magical capacity is low. (-10% MP)
                  | [potion of mutation]
 86748 | Zot:5    | Gained mutation: Armour fits poorly on your strangely
                  | shaped body. [potion of mutation]
 86748 | Zot:5    | Gained mutation: You have a somewhat thin skeletal
                  | structure. (Dex +2, Stealth+) [potion of mutation]
 86749 | Zot:5    | Lost mutation: Your magical capacity is low. (-10% MP)
                  | [potion of mutation]
 86749 | Zot:5    | Lost mutation: You passively dampen the noise of your
                  | surroundings. [potion of mutation]
 86749 | Zot:5    | Gained mutation: You are somewhat resistant to further
                  | mutation. [potion of mutation]
 86750 | Zot:5    | Lost mutation: Your spells are a little harder to cast, but
                  | a little more powerful. [potion of mutation]
 86750 | Zot:5    | Lost mutation: You have a somewhat thin skeletal structure.
                  | (Dex +2, Stealth+) [potion of mutation]
 86750 | Zot:5    | Gained mutation: You have large cloven feet. [potion of
                  | mutation]
 86751 | Zot:5    | Lost mutation: You are occasionally teleported next to
                  | monsters. [potion of mutation]
 86751 | Zot:5    | Lost mutation: You are somewhat resistant to further
                  | mutation. [potion of mutation]
 86751 | Zot:5    | Lost mutation: Armour fits poorly on your strangely shaped
                  | body. [potion of mutation]
 86751 | Zot:5    | Gained mutation: You occasionally lose the ability to read
                  | scrolls when taking damage. [potion of mutation]
 86752 | Zot:5    | Lost mutation: You occasionally lose the ability to read
                  | scrolls when taking damage. [potion of mutation]
 86752 | Zot:5    | Lost mutation: You have large cloven feet. [potion of
                  | mutation]
 86752 | Zot:5    | Gained mutation: You sometimes lose your temper in combat.
                  | [potion of mutation]
 86752 | Zot:5    | Gained mutation: You have an uncontrollable temper. [potion
                  | of mutation]
 86752 | Zot:5    | Gained mutation: You have a pair of small horns on your
                  | head. [potion of mutation]
 86753 | Zot:5    | Lost mutation: You have an uncontrollable temper. [potion
                  | of mutation]
 86753 | Zot:5    | Lost mutation: You sometimes lose your temper in combat.
                  | [potion of mutation]
 86753 | Zot:5    | Gained mutation: You expend magic power (3 MP) to
                  | strengthen your wands. [potion of mutation]
 86753 | Zot:5    | Gained mutation: You are frail. (-10% HP) [potion of
                  | mutation]
 86834 | Zot:5    | Noticed an ancient lich
 86838 | Zot:5    | Killed an ancient lich
 87037 | Zot:5    | Reached skill level 15 in Air Magic
 87209 | Zot:5    | Noticed an orb of fire
 87222 | Zot:5    | Gained mutation: You sometimes lose your temper in combat.
                  | [an orb of fire]
 87224 | Zot:5    | Killed an orb of fire
 87370 | Zot:5    | Lost mutation: You expend magic power (3 MP) to strengthen
                  | your wands. [potion of mutation]
 87370 | Zot:5    | Lost mutation: You sometimes lose your temper in combat.
                  | [potion of mutation]
 87370 | Zot:5    | Gained mutation: Your flesh is cold resistant. (rC+)
                  | [potion of mutation]
 87370 | Zot:5    | Gained mutation: Your flesh is heat resistant. (rF+)
                  | [potion of mutation]
 87370 | Zot:5    | Gained mutation: You have supernaturally acute eyesight.
                  | (SInv) [potion of mutation]
 87370 | Zot:5    | Gained mutation: You have a pair of horns on your head.
                  | [potion of mutation]
 87614 | Zot:5    | Identified the orb of the Armoured One {*channel, Harm Ice}
 87645 | Zot:5    | Noticed an orb of fire
 87654 | Zot:5    | Killed an orb of fire
 87729 | Zot:5    | Reached skill level 23 in Fighting
 87759 | Zot:5    | Noticed an ancient lich
 87762 | Zot:5    | Killed an ancient lich
 87880 | Zot:5    | Noticed a dread lich
 87885 | Zot:5    | Killed a dread lich
 88140 | Zot:5    | Noticed an orb of fire
 88146 | Zot:5    | Killed an orb of fire
 88916 | Depths:3 | Voluntarily entered the Abyss.
 89305 | Abyss:2  | Gained mutation: Armour fits poorly on your strangely
                  | shaped body. [a neqoxec]
 89306 | Abyss:2  | Gained mutation: You have large cloven feet. [a neqoxec]
 89309 | Abyss:2  | Gained mutation: You sometimes lose your temper in combat.
                  | [a neqoxec]
 89610 | Abyss:2  | Found a corrupted altar of Lugonu.
 89610 | Abyss:2  | Found a corrupted altar of Lugonu.
 89610 | Abyss:2  | Found a corrupted altar of Lugonu.
 89648 | Abyss:2  | Lost mutation: Your flesh is cold resistant. (rC+) [potion
                  | of mutation]
 89648 | Abyss:2  | Lost mutation: You sometimes lose your temper in combat.
                  | [potion of mutation]
 89648 | Abyss:2  | Lost mutation: You have a pair of horns on your head.
                  | [potion of mutation]
 89648 | Abyss:2  | Gained mutation: You are dopey. (Int -2) [potion of
                  | mutation]
 89648 | Abyss:2  | Gained mutation: You passively map a small area around you.
                  | [potion of mutation]
 89660 | Abyss:2  | Found a corrupted altar of Lugonu.
 89900 | Abyss:3  | Found a burning altar of Makhleb.
 90232 | Abyss:3  | Found a corrupted altar of Lugonu.
 90238 | Abyss:3  | Got an abyssal rune of Zot
 90242 | Depths:3 | Escaped the Abyss
 90338 | Depths:3 | You showed the abyssal rune of Zot to enter a treasure
                  | trove
 90339 | Trove    | Entered a treasure trove
 90345 | Trove    | Got Moih's Grimoire of Icebound Stones
 90365 | Trove    | Found the +7 captain's cutlass {speed, disarm}
 90441 | Depths:3 | Lost mutation: You have large cloven feet. [potion of
                  | mutation]
 90441 | Depths:3 | Lost mutation: You have supernaturally acute eyesight.
                  | (SInv) [potion of mutation]
 90441 | Depths:3 | Lost mutation: You are dopey. (Int -2) [potion of mutation]
 90441 | Depths:3 | Gained mutation: You have sharp fingernails. [potion of
                  | mutation]
 90517 | Pan      | Entered Pandemonium
 90572 | Pan      | Noticed Zackypt the pandemonium lord
 90578 | Pan      | Killed Zackypt the pandemonium lord
 91221 | Pan      | Reached skill level 1 in Ice Magic
 91481 | Pan      | Reached skill level 24 in Fighting
 92052 | Pan      | Found a huge runed translucent gate.
 92054 | Pan      | Found a huge runed translucent gate.
 92057 | Pan      | Found a huge runed translucent gate.
 92146 | Pan      | Reached skill level 5 in Ice Magic
 92198 | Pan      | Found a huge runed translucent gate.
 92198 | Pan      | Found a huge runed translucent gate.
 92198 | Pan      | Found a huge runed translucent gate.
 92200 | Pan      | Found a huge runed translucent gate.
 92602 | Pan      | Identified the storm talisman of Living Awe {Str+7}
 92826 | Pan      | Noticed Raonurau the pandemonium lord
 92832 | Pan      | Killed Raonurau the pandemonium lord
 92902 | Pan      | Gained mutation: Your magical capacity is low. (-10% MP) [a
                  | cacodemon]
 93693 | Pan      | Noticed Danuih the pandemonium lord
 93697 | Pan      | Killed Danuih the pandemonium lord
 94311 | Depths:2 | Escaped Pandemonium
 94612 | D:8      | Bought a scroll of revelation for 157 gold pieces
 94913 | Pan      | Entered Pandemonium
 95050 | Pan      | Lost mutation: You are frail. (-10% HP) [potion of
                  | mutation]
 95050 | Pan      | Lost mutation: Your magical capacity is low. (-10% MP)
                  | [potion of mutation]
 95050 | Pan      | Lost mutation: Armour fits poorly on your strangely shaped
                  | body. [potion of mutation]
 95050 | Pan      | Gained mutation: You are dopey. (Int -2) [potion of
                  | mutation]
 95050 | Pan      | Gained mutation: You are partially covered in iridescent
                  | scales. (AC +2) [potion of mutation]
 95291 | Pan      | Found a transporter.
 95415 | Pan      | Gained mutation: You occasionally lose the ability to drink
                  | potions when taking damage. [a cacodemon]
 95676 | Pan      | Found a transporter.
 96144 | Pan      | Identified the +2 leather armour of Wyirchosk {Harm Dex+4}
 96308 | Pan      | Reached skill level 10 in Ice Magic
 96439 | Pan      | Found a runed translucent door.
 96441 | Pan      | Found a runed translucent door.
 96442 | Pan      | Noticed Nugoaq the pandemonium lord
 96445 | Pan      | Found a runed translucent door.
 96717 | Pan      | Found a runed translucent door.
 96874 | Pan      | Found an exit through the horrors of the Abyss.
 96987 | Pan      | Killed Nugoaq the pandemonium lord
 96988 | Pan      | Reached skill level 25 in Fighting
 97035 | Pan      | Identified the amulet "Guxzot" {*Slow +Inv RegenMP+ Int+2}
 97190 | Pan      | Gained mutation: You are somewhat resistant to further
                  | mutation. [a cacodemon]
 97407 | Pan      | Found a runed translucent door.
 97435 | Pan      | Noticed Betzyhiy the pandemonium lord
 97437 | Pan      | Identified the +9 scimitar of the Crawling Thing {heavy,
                  | +Blink rF- Str+3}
 97437 | Pan      | Identified the +3 buckler of an ice cave {rF+}
 97443 | Pan      | Found a runed translucent door.
 97444 | Pan      | Found a runed translucent door.
 97444 | Pan      | Found a runed translucent door.
 97540 | Pan      | Noticed Mennas
 97544 | Pan      | Killed Mennas
 97892 | Pan      | Killed Betzyhiy the pandemonium lord
 98577 | Pan      | Entered the realm of Mnoleg.
 99244 | Pan      | Gained mutation: Your spells are a little easier to cast,
                  | but a little less powerful. [a cacodemon]
 99382 | Pan      | Lost mutation: You have a pair of small horns on your head.
                  | [potion of mutation]
 99382 | Pan      | Lost mutation: Your flesh is heat resistant. (rF+) [potion
                  | of mutation]
 99382 | Pan      | Lost mutation: You passively map a small area around you.
                  | [potion of mutation]
 99383 | Pan      | Lost mutation: You are dopey. (Int -2) [potion of mutation]
 99383 | Pan      | Lost mutation: You are partially covered in iridescent
                  | scales. (AC +2) [potion of mutation]
 99383 | Pan      | Lost mutation: You occasionally lose the ability to drink
                  | potions when taking damage. [potion of mutation]
 99383 | Pan      | Gained mutation: You are covered in fur. (AC +1) [potion of
                  | mutation]
100069 | Pan      | Found an exit through the horrors of the Abyss.
100776 | Pan      | Noticed Mnoleg
100929 | Pan      | Killed Mnoleg
101059 | Pan      | Got a glowing rune of Zot
102312 | Pan      | Noticed Noamocve the pandemonium lord
102317 | Pan      | Killed Noamocve the pandemonium lord
102596 | Pan      | Entered the realm of Lom Lobon.
102658 | Pan      | Reached skill level 26 in Fighting
102687 | Pan      | Reached skill level 15 in Ice Magic
102966 | Pan      | Identified the +5 broad axe of the Endless March
                  | {antimagic, rC+++ rCorr Int-3 Dex+2}
103484 | Pan      | Noticed Lom Lobon
103492 | Pan      | Killed Lom Lobon
103547 | Pan      | Got a magical rune of Zot
104227 | Pan      | Noticed Qiub the pandemonium lord
104230 | Pan      | Killed Qiub the pandemonium lord
105928 | Pan      | Entered the realm of Cerebov.
106668 | Pan      | Identified the +7 spear of Lust {drain, ^Drain rElec rPois
                  | rN+}
106668 | Pan      | Identified the +1 robe of the Wasteland {rF+ Will+ Str-2}
106668 | Pan      | Identified the ring "Caysieruf" {Will+ Str+6 Int+3}
106717 | Pan      | Identified the +3 scale mail of the Rhinotaur {Int+3}
106743 | Pan      | Found the +6 sword of Cerebov {flame}
106743 | Pan      | Noticed Cerebov
106795 | Pan      | Learned a level 9 spell: Polar Vortex
106831 | Pan      | Identified the ring of Lidoroce {rPois Int+3}
107155 | Pan      | HP: 6/197 [burnt (7)]
107156 | Pan      | Incinerated by a balrug

Illustrated notes

Levels and vault maps discovered:
D:1:      scummos_arrival_forest, layout_basic, serial_curves, eino_curves_04,
          eino_curves_03
D:2:      layout_rooms, ebering_ecumenical_altar_abandoned, serial_shops,
          shop_fountains
D:3:      layout_basic, uniq_ijyb
D:4:      layout_rooms
D:5:      layout_basic, serial_demonic, serial_demonic_a, serial_demonic_c,
          serial_demonic_b, serial_demonic_f, gup_sewer_entry_bowl,
          nicolae_letterblocks [nicolae_letter_subblock,
          nicolae_letter_subblock, nicolae_letter_subblock,
          nicolae_letter_subblock, nicolae_letter_subblock,
          nicolae_letter_subblock, nicolae_letter_subblock,
          nicolae_letter_subblock, nicolae_letter_subblock,
          nicolae_letter_subblock, nicolae_letter_subblock,
          nicolae_letter_subblock, nicolae_letter_subblock,
          nicolae_letter_subblock, nicolae_letter_subblock,
          nicolae_letter_subblock, nicolae_letter_subblock,
          nicolae_letter_subblock, nicolae_letter_subblock,
          nicolae_letter_subblock, nicolae_letter_subblock,
          nicolae_letter_subblock, nicolae_letter_subblock,
          nicolae_letter_subblock, nicolae_letter_subblock],
          uniq_prince_ribbit1, uniq_eustachio, uniq_crazy_yiuf_cottage
D:6:      minmay_chambers_of_sixes, layout_loops_ring,
          mainiacjoe_overflow_paths, minmay_temple_entry_grid,
          minmay_misc_feat_hallway
D:7:      layout_rooms, gammafunk_ghost_necromancy, minmay_increasing_density
D:8:      layout_layer_cave, serial_shops, nicolae_shop_real_fake_doors,
          nicolae_zig_zag_zippers
D:9:      layout_rooms, nicolae_fort_ynox, uniq_pikel, uniq_joseph
D:10:     layout_loops_ring, mainiacjoe_overflow_alcove_2,
          hellmonk_lair_entry_icy, orc_david_3
D:11:     layout_roguey, gammafunk_ghost_split, due_unseen_surprise
D:12:     layout_loops_corners, gammafunk_ghost_arena
D:13:     layout_cave_pools, portal_ice_cave_entry_pillars_2, led_sif_pool
D:14:     layout_irregular_city, erik_vaults_2, minmay_misc_feat_secret_circle
D:15:     grunt_enter_depths_hoard, layout_layer_cave, serial_shops,
          nicolae_shop_hallway_plus
Temple:   nicolae_temple_slightly_damp_pantheon
Lair:1:   layout_misc_corridors, serial_rivers, chequers_serial_rivers_micro_e,
          chequers_serial_rivers_micro_e, chequers_serial_rivers_large_a,
          chequers_serial_rivers_micro_d, chequers_serial_rivers_small_a,
          uniq_sonja
Lair:2:   layout_loops_ring, elwin_shoals_entry_rooms,
          minmay_snake_entry_guardpost_small, gauntlet_entry_generic
Lair:3:   layout_cave_pods, grunt_forest_large_clearings
Lair:4:   layout_regular_city, grunt_megastairs_5
Lair:5:   hangedman_lair_caniforms_friends, layout_cave_pods,
          guppyfry_lair_end_dragon, slime_entry_1,
          gammafunk_ghost_abyssal_escape
Shoals:1: layout_shoals, nicolae_shoals_drake_roost
Shoals:2: layout_shoals
Shoals:3: layout_shoals, nicolae_shoals_bring_sunscreen, uniq_polyphemus
Shoals:4: shoals_end_simple, layout_shoals, shoal_ilsuiw
Snake:1:  layout_grid_maze, uniq_aizul
Snake:2:  layout_chambers, basic_altar, serial_shops, freezing_bzr
Snake:3:  layout_gridlike, grunt_megastairs_4, uniq_bai_suzhen
Snake:4:  johnstein_snake_rune_scales, layout_rooms,
          ebering_ghost_disaster_area, serial_bayou_shore_b
Slime:1:  layout_caves, cheibrodos_slime_lost_civilization_7
Slime:2:  layout_caves
Slime:3:  layout_caves
Slime:4:  cheibrodos_slime_lost_civilization_3, layout_caves,
          nicolae_slime_barrier, nicolae_slime_rock_hall_of_fame
Slime:5:  slime_pit_nicolae_inversion
Orc:1:    layout_caves, elf_legates
Orc:2:    grunt_orc_gardens, layout_caves, grunt_orc_garden, grunt_orc_garden,
          grunt_orc_garden, grunt_orc_garden, nicolae_orc_damp_corner,
          nicolae_shop_gadgets, uniq_erolcha
Elf:1:    layout_gridlike, gammafunk_ghost_tricky_traps, serial_shops,
          nicolae_lakefront_shop, minmay_elf_annihilation,
          serial_library_regret_index_branch_corner, minmay_shoptagon,
          uniq_asterion, uniq_zenata, uniq_donald
Elf:2:    elven_hall_of_blades_hangedman_original [nicolae_blade_tridents],
          layout_geoelf_octagon, hellmonk_ghost_happy_afterlife
Vaults:1: ontoclasm_vaults_twist, nicolae_vaults_twisting_passages,
          nicolae_vaults_oozy_zoo, ontoclasm_vaults_decontamination,
          vaults_room_hallway, hangedman_vaults_corner, lightli_orcish_oven,
          nicolae_vaults_tetromino_L_1, v_pattern_1, vaults_room_door_ring,
          vaults_room_fours, layout_vaults_omnicross
Vaults:2: nicolae_vaults_variable_pillar_hall, v_rooms_5,
          nicolae_vaults_storage_closets_2,
          nicolae_vaults_shipping_containers_1, nicolae_vaults_diamond_2,
          layout_vaults_chaotic_city, serial_shops, shop, uniq_mara, uniq_sojobo
Vaults:3: mu_enter_wizlab_3, nicolae_vaults_shelves_hall, vaults_mumra_hex,
          ontoclasm_vaults_ligature, blue_anna_dwarven_crypt,
          nicolae_vaults_alarming, vaults_room_pool, v_misc_29,
          nicolae_vaults_asterisk, nicolae_vaults_mini_display_case,
          layout_vaults_omnigrid, serial_shops, statue_bzr
Vaults:4: nicolae_vaults_security_offices_4, grunt_vaults_funnel,
          nicolae_vaults_more_shelving_2, nicolae_vaults_spaceships,
          nicolae_vaults_tetromino_T_2, nicolae_vaults_rhombus_5,
          nicolae_vaults_closet_pinwheel_1, v_rooms_1,
          nicolae_vaults_what_the_h, serial_ice_b, vaults_dpeg_hooks,
          layout_vaults_maze, serial_shops, shop
Vaults:5
Crypt:1:  minmay_guarded_unrand_majin_bo, layout_misc_corridors,
          nicolae_crypt_ancient_font, nicolae_crypt_cryptocurrency,
          hangedman_blasphemy
Crypt:2:  layout_misc_corridors, uniq_margery
Crypt:3:  evilmike_haunted_forest, uniq_frederick
Depths:1: layout_honeycomb, chequers_decorated_corner,
          hangedman_tar_grid_catacomb, roderic_lattice_a, minmay_metal_thing,
          serial_bayou_shore_b, infiniplex_staircase_pool_lava, uniq_norris
Depths:2: minmay_tri_stars, layout_honeycomb, enter_ziggurat_c,
          rand_demon_pan_entry_9, hell_entry, nicolae_twisty_statue_hallways,
          abyss_entry, minmay_misc_feat_alley
Depths:3: nzn_winding_woodlands_small [nzn_winding_woodlands_5x15_sidewinder,
          nzn_winding_woodlands_center_lodge,
          nzn_winding_woodlands_5x15_concentric], layout_cave_pools,
          grunt_metal_band, ploomutoo_gammafunk_ghost_potion_laboratory,
          abyss_entry, nicolae_elevator_lobby_plus, enter_trove_0
Depths:4: evilmike_zot_entry_round, layout_long_grid, lemuel_round_altar,
          hangedman_coc_ice_floe, nrook_uturn
Zot:1:    dreamdust_zin_vs_xom, layout_cathedral_of_symmetry,
          regret_index_zotdec_banners
Zot:2:    layout_gridlike, bh_zot_ikea_curve
Zot:3:    layout_cathedral_of_symmetry, lemuel_elevator, uniq_grunn
Zot:4:    layout_cathedral_of_symmetry, lemuel_lake_of_fire
Zot:5:    layout_basic, regret_index_zotdec_ex
Pan:      evilmike_mini_pan_doors_b, layout_irregular_city,
          nicolae_pan_giant_door, layout_irregular_city, grunt_pan_in_and_out,
          layout_irregular_city, gammafunk_dig_for_victory, layout_grid_shapes,
          pan_blood_fountain_small, nicolae_pan_mnolegish_5, rand_demon_7,
          layout_long_grid, nicolae_pan_mnolegish_3, regret_index_pan_diabol,
          rand_demon_7, layout_basic, uniq_mennas_pan, pan_surprise,
          nicolae_pan_mnolegish_1, nicolae_pan_sigil_uleosi, mnoleg,
          layout_chambers, evilmike_mini_pan_doors_b, layout_gridlike,
          regret_index_pan_divided_teeth, lom_lobon_grunt, layout_grid_shapes,
          nicolae_pan_lom_lobonic_4, rand_demon_3, layout_chambers,
          reaverb_pan_figure_eight, cerebov_grunt_fire_and_steel,
          layout_gridlike, pan_blood_fountain_1

Skill      XL: |  1  2  3  4  5  6  7  8  9 10 11 12 13 14 15 16 17 18 19 20 21 22 23 24 25 26 27 |
---------------+----------------------------------------------------------------------------------+-----
Earth Magic    | 4 5 6 7 8 9 10 11 13 14 16 17 18 19 20 21 22 | 22.0
Conjurations   | 2 3 4 5 7 8 9 10 11 13 14 15 16 17 18 19 20 21 22 23 | 23.9
Spellcasting   | 3 4 5 6 7 8 9 10 11 12 13 14 15 16 17 18 19 20 25 | 25.3
Fire Magic     | 2 4 5 8 9 11 13 14 15 16 17 18 19 20 | 20.1
Air Magic      | 3 7 11 17 | 17.6
Fighting       | 1 5 8 9 12 15 16 17 18 19 20 26 | 26.8
Armour         | 3 6 |  6.0
Shields        | 4 7 10 12 13 | 13.4
Ice Magic      | 17 | 17.8
Dodging        | |  1.5
Stealth        | |  2.1

Action                     |  1- 3 |  4- 6 |  7- 9 | 10-12 | 13-15 | 16-18 | 19-21 | 22-24 | 25-27 || total
---------------------------+-------+-------+-------+-------+-------+-------+-------+-------+-------++-------
  Melee: Dagger            |     5 |     3 |     3 |       |       |       |       |       |       ||    11
         Staff             |       |       |     7 |     2 |    15 |    12 |    13 |    21 |    25 ||    95
         Headbutt          |       |       |       |       |       |       |       |       |     2 ||     2
   Cast: Sandblast         |    43 |    56 |    99 |   169 |   210 |    55 |    21 |       |       ||   653
         Stone Arrow       |       |    10 |    29 |    85 |   158 |   161 |    91 |    27 |    65 ||   626
         Freezing Cloud    |       |       |       |    40 |   107 |   110 |    78 |     2 |    10 ||   347
         Starburst         |       |       |       |     9 |    50 |    16 |    54 |    24 |    13 ||   166
         Lee's Rapid Decon |       |       |       |     4 |    11 |     5 |     2 |    18 |    16 ||    56
         Lehudib's Crystal |       |       |       |       |    54 |   263 |   329 |   237 |   545 ||  1428
         Shatter           |       |       |       |       |       |       |    10 |     1 |    27 ||    38
         Fire Storm        |       |       |       |       |       |       |       |   194 |   870 ||  1064
         Ignition          |       |       |       |       |       |       |       |       |    18 ||    18
         Polar Vortex      |       |       |       |       |       |       |       |       |     1 ||     1
  Evoke: Wand              |       |       |       |       |       |       |       |     1 |     1 ||     2
    Use: Scroll            |       |       |       |    23 |     7 |    13 |     6 |     2 |    17 ||    68
         Potion            |       |       |       |     1 |     3 |     3 |     4 |     1 |    25 ||    37
   Stab: Sleeping          |       |       |     1 |       |       |       |       |       |       ||     1
         Distracted        |       |       |       |       |       |       |       |       |     1 ||     1
 Armour: Robe              |     9 |    53 |    43 |    93 |       |       |       |       |       ||   198
         Steam dragon scal |       |       |       |    66 |   214 |   309 |   375 |   173 |   529 ||  1666
  Dodge: Dodged            |     7 |    46 |    33 |   114 |   253 |   213 |   256 |    87 |   199 ||  1208
  Block: Other             |     4 |    17 |    15 |       |       |       |       |       |       ||    36
         Kite shield       |       |       |       |       |       |       |       |     3 |   217 ||   220
         Reflection        |       |       |       |       |       |       |       |       |    19 ||    19

Table legend: (Time is in decaauts)
 A = Elapsed time spent in this place.
 B = Non-inter-level travel time spent in this place.
 C = Inter-level travel time spent in this place.
 D = Time resting spent in this place.
 E = Time spent auto-exploring this place.
 F = Levels seen in this place.
 G = Mean time per level.
                   A        B        C        D        E       F      G
               +--------+--------+--------+--------+--------+-----+--------+
         Total | 107776 | 100662 |   7114 |  38472 |  35133 |  75 | 1437.0 |
       Dungeon |  19812 |  17470 |   2342 |   5780 |   8881 |  15 | 1320.8 |
        Temple |     20 |     11 |      9 |      0 |      0 |   1 |   20.0 |
          Lair |   8062 |   7296 |    766 |   2749 |   3216 |   5 | 1612.4 |
        Shoals |   7894 |   7627 |    267 |   3837 |   2196 |   4 | 1973.5 |
     Snake Pit |   7873 |   7468 |    405 |   2984 |   2492 |   4 | 1968.2 |
    Slime Pits |   4631 |   4082 |    549 |   1156 |   1897 |   5 |  926.2 |
  Orcish Mines |   2719 |   2562 |    157 |   1402 |    682 |   2 | 1359.5 |
   Elven Halls |   4467 |   4345 |    122 |   2070 |   1231 |   2 | 2233.5 |
        Vaults |  10575 |   9821 |    754 |   4104 |   3090 |   5 | 2115.0 |
         Crypt |   5414 |   4984 |    430 |   1981 |   1403 |   3 | 1804.7 |
        Depths |   7308 |   6653 |    655 |   2497 |   2724 |   4 | 1827.0 |
           Zot |   8907 |   8253 |    654 |   2660 |   3751 |   5 | 1781.4 |
         Abyss |   1341 |   1341 |      0 |    464 |      0 |   3 |  447.0 |
   Pandemonium |  16041 |  16041 |      0 |   5772 |   3109 |  11 | 1458.3 |
        Bazaar |    108 |    108 |      0 |      0 |     21 |   2 |   54.0 |
         Trove |     84 |     84 |      0 |      0 |      0 |   1 |   84.0 |
         Sewer |    219 |    219 |      0 |     86 |      0 |   1 |  219.0 |
        Wizlab |   1265 |   1265 |      0 |    590 |    150 |   1 | 1265.0 |
      Gauntlet |   1026 |   1026 |      0 |    338 |    290 |   1 | 1026.0 |
               +--------+--------+--------+--------+--------+-----+--------+

Top non-repeatable levels by time:
Vaults:4: 3117 daAuts
 Crypt:3: 2874 daAuts
 Snake:4: 2815 daAuts
  Lair:5: 2771 daAuts
Shoals:4: 2700 daAuts
Vaults:2: 2477 daAuts
   Zot:5: 2461 daAuts
   Elf:2: 2406 daAuts
Depths:3: 2351 daAuts
Vaults:1: 2081 daAuts
    D:10: 2077 daAuts
   Elf:1: 2060 daAuts
    D:15: 1934 daAuts
Shoals:3: 1854 daAuts
Depths:2: 1818 daAuts
